 Dungeon Crawl Stone Soup version 0.30-a0-305-g026cb31310 (webtiles) character file.

Game seed: 6578554993447584195

79 Sobieck the Digger (level 4, 0/33 HPs)
             Began as a Ghoul Earth Elementalist on Oct 23, 2022.
             Slain by an iguana (10 damage)
             ... on level 3 of the Dungeon.
             The game lasted 00:05:35 (2179 turns).

Sobieck the Digger (Ghoul Earth Elementalist)       Turns: 2179, Time: 00:05:36

Health: 0/33       AC:  3    Str: 11    XL:     4   Next: 37%
Magic:  0/5        EV: 12    Int: 12    God:
Gold:   157        SH:  0    Dex:  9    Spells: 0/6 levels left

rFire   . . .      SeeInvis .    (no weapon)
rCold   + . .      Faith    .    (no shield)
rNeg    + + +      Spirit   .    a - +0 robe
rPois   ∞          Reflect  .    (no helmet)
rElec   .          Harm     .    m - +0 cloak
rCorr   .          Rampage  .    (no gloves)
Will    .....                    (no boots)
Stlth   ++........               (no amulet)
HPRegen 0.00/turn                (no ring)
MPRegen 0.09/turn                (no ring)

@: inhibited regen
A: claws 1, cold resistance 1, negative energy resistance 3, inhibited
regeneration, torment resistance 2, devour on kill
a: no special abilities


You were on level 3 of the Dungeon.
You visited 1 branch of the dungeon, and saw 3 of its levels.

You collected 157 gold pieces.


Innate Abilities, Weirdness & Mutations

You are immune to poison.
You have sharp fingernails.
Your flesh is cold resistant. (rC+)
You are immune to negative energy. (rN+++)
You do not regenerate when monsters are visible.
You are immune to unholy pain and torment.
You thrive by killing the living.


   Skills:
 - Level 1.7 Dodging
 - Level 2.1 Stealth
 - Level 1.7 Spellcasting
 - Level 0.8 Transmutations
 + Level 5.5 Earth Magic


You couldn't memorise any spells.
You knew the following spells:

 Your Spells              Type           Power      Damage    Failure   Level
a - Sandblast             Erth           28%        2d8       2%          1
b - Stone Arrow           Conj/Erth      14%        3d7       26%         3
c - Passwall              Tmut/Erth      6%         N/A       12%         2

Your spell library contained the following spells:

 Spells                   Type           Power      Damage    Failure   Level
 Petrify                  Tmut/Erth      8%         N/A       58%         4

Inventory:

Hand Weapons
 c - a +0 dagger {short}
   (You took it off a kobold on level 1 of the Dungeon)
 h - a +0 club {mace}
   (You took it off a goblin on level 1 of the Dungeon)
 l - a +0 dagger {short}
   (You took it off a goblin on level 1 of the Dungeon)
 n - a +0 club {mace}
   (You took it off a goblin on level 1 of the Dungeon)
 s - a +0 dagger {short}
   (You took it off a goblin on level 2 of the Dungeon)
 u - a +0 trident {polearm}
   (You found it on level 2 of the Dungeon)
 y - a +0 flail {mace}
   (You found it on level 2 of the Dungeon)
 A - a +0 mace {mace}
   (You found it on level 2 of the Dungeon)
 C - a +0 dagger {short}
   (You found it on level 2 of the Dungeon)
 D - a +0 dagger {short}
   (You found it on level 2 of the Dungeon)
 G - a +0 falchion {long}
   (You found it on level 2 of the Dungeon)
 H - a +0 whip {mace}
   (You took it off a kobold on level 3 of the Dungeon)
 I - a +0 short sword {short}
   (You took it off a kobold on level 3 of the Dungeon)
 K - a +0 sling
   (You found it on level 3 of the Dungeon)
Missiles
 d - 15 stones {throwing}
 i - 15 poisoned darts {throwing}
Armour
 a - a +0 robe (worn)
 f - a +0 robe
   (You found it on level 1 of the Dungeon)
 j - a +0 ring mail
   (You took it off a hobgoblin on level 1 of the Dungeon)
 m - a +0 cloak (worn)
   (You found it on level 1 of the Dungeon)
 v - a +0 robe
   (You found it on level 2 of the Dungeon)
 w - a +0 leather armour
   (You found it on level 2 of the Dungeon)
 x - a +0 ring mail
   (You found it on level 2 of the Dungeon)
 B - a +0 leather armour
   (You found it on level 2 of the Dungeon)
 J - a +0 ring mail
   (You found it on level 3 of the Dungeon)
Scrolls
 e - a scroll of poison {unknown}
 g - 2 scrolls of identify {unknown}
 q - 2 scrolls of blinking {unknown}
 F - a scroll of magic mapping {unknown}
Potions
 b - a potion of magic
 k - a potion of might {unknown}
 o - 2 potions of curing {unknown}
 p - a potion of degeneration {unknown}
 r - a potion of resistance {unknown}
 t - a potion of brilliance {unknown}
 z - a potion of berserk rage {unknown}
 E - a potion of cancellation {unknown}

Dungeon Overview and Level Annotations

Branches:
Dungeon (3/15) Zot: 15781

Altars:

Shops:
D:2

( ..# #.# #.# #.#
.## #. #.# ....#..
###.# #...###...##
#..l@.....##
##.#...##..## ..
##...#####..#
....###...## #.## ..
###....## ####.####
#...###...##.#
#.......#
........####.#
#...÷...# .#†.....#
#.......#
###...######.......#


You could see an iguana.


Message History

Unknown command.
You now have 129 gold pieces (gained 11).
You scratch the plant.
The plant begins to die.
Unknown command.
A nearby plant withers and dies.
There is an open door here.
Memorise Passwall, consuming 2 spell levels and leaving 0?
You start memorising the spell.
You continue memorising. x2
You finish memorising.
Spell assigned to 'c'.
Casting: Sandblast (safe; 2% risk of failure)
Confirm with . or Enter, or press ? or * to list all spells.
Aiming: Passwall (safe; 12% risk of failure)
Press: ? - help, Dir - move target A translucent rock wall.
You miscast Passwall.
You are very lightly contaminated with residual magic.
Nothing appears to happen.
Unknown command.
Casting: Passwall (safe; 12% risk of failure)
Confirm with . or Enter, or press ? or * to list all spells.
Aiming: Passwall (safe; 12% risk of failure)
Press: ? - help, Dir - move target A translucent rock wall.
You begin to meditate on the wall.
You continue meditating on the rock. x2
You finish merging with the rock.
Unknown command.
Unknown command.
You now have 146 gold pieces (gained 17).
You start resting.
Your magical contamination has completely faded away.
Unknown command.
You start resting.
Unknown command.
Casting: Passwall (safe; 12% risk of failure)
Confirm with . or Enter, or press ? or * to list all spells.
Aiming: Passwall (safe; 12% risk of failure)
Press: ? - help, Dir - move target A translucent rock wall.
You begin to meditate on the wall.
You continue meditating on the rock. x2
You finish merging with the rock.
Unknown command.
Unknown command.
Unknown command.
Unknown command.
(D) Dungeon
Where to? (Enter - D:2 @ (x,y), ? - help)
There is an open door here.
There is a stone staircase leading down here.
You climb downwards.
There is a stone staircase leading up here.
Unknown command.
Unknown command.
Unknown command.
J - a +0 ring mail
K - a +0 sling Unknown command.
q - 2 scrolls labelled TAIMAFF DESE (gained 1)
You now have 157 gold pieces (gained 11).
You see here a quokka skeleton.
You see here a quokka skeleton.
You see here a kobold skeleton.
An iguana comes into view.
The iguana hisses angrily.
Danger!
The blast of sand hits the iguana.
The blast of sand hits the iguana but does no damage.
The blast of sand hits the iguana but does no damage.
The iguana barely misses you. The iguana bites you.
Unknown command.
The blast of sand hits the iguana.
The iguana closely misses you.
Unknown command.
The blast of sand hits the iguana but does no damage.
The iguana barely misses you. The iguana bites you!
Unknown command.
Unknown command.
You completely miss the iguana. The iguana closely misses you.
You barely miss the iguana. The iguana barely misses you.
You closely miss the iguana. The iguana closely misses you.
You barely miss the iguana. The iguana bites you.
* * * LOW HITPOINT WARNING * * *
Unknown command.
Casting: Sandblast (safe; 2% risk of failure)
Confirm with . or Enter, or press ? or * to list all spells.
Aiming: Sandblast (safe; 2% risk of failure)
Press: ? - help, Shift-Dir - straight line, f/p - iguana
Aim: an iguana (moderately wounded, 84% to hit)
The blast of sand misses the iguana.
The iguana bites you.
* * * LOW HITPOINT WARNING * * *
Unknown command.
Unknown command.
You scratch the iguana.
The iguana hisses menacingly.
The iguana misses you.
You scratch the iguana but do no damage.
The iguana bites you.
* * * LOW HITPOINT WARNING * * *
Unknown command.
Unknown command.
You scratch the iguana. The iguana bites you!
You die...

Skill      XL: |  1  2  3 |
---------------+----------+-----
Earth Magic    | 4 5 |  5.5
Dodging        | |  1.7
Stealth        | |  2.1
Spellcasting   | |  1.7
Transmutations | |  0.8

Action                   |  1- 3 |  4- 6 || total
-------------------------+-------+-------++-------
Melee: Unarmed           |    52 |    10 ||    62
 Cast: Sandblast         |    45 |    31 ||    76
       Passwall          |       |     2 ||     2
Armor: Robe              |    10 |     1 ||    11
Dodge: Dodged            |    32 |    13 ||    45

Levels and vault maps discovered:
D:1:      erik_arrival_triangle_small, layout_basic,
          amcnicky_mini_corridor_feature, minmay_misc_feat_square
D:2:      layout_basic, dilly_ecumenical_altar_fadedgnrine, serial_shops, shop
D:3:      layout_rooms, grunt_temple_overflow_open, kennysheep_generic_room_15

Notes
Turn   | Place    | Note
-------+----------+-------------------------------------------
     0 | D:1      | Sobieck the Ghoul Earth Elementalist began the quest for
                  | the Orb.
     0 | D:1      | Reached XP level 1. HP: 14/14 MP: 2/2
   202 | D:1      | Reached XP level 2. HP: 20/20 MP: 1/3
   248 | D:1      | Reached skill level 4 in Earth Magic
   595 | D:1      | Reached XP level 3. HP: 26/26 MP: 2/4
   929 | D:2      | Learned a level 3 spell: Stone Arrow
  1102 | D:2      | Reached skill level 5 in Earth Magic
  1189 | D:2      | Found Napruas's Antique Weapon Shop.
  1193 | D:2      | Reached XP level 4. HP: 33/33 MP: 3/5
  1583 | D:2      | Found a faded altar of an unknown god.
  1772 | D:2      | You fall into a shaft and drop 1 floor!
  2045 | D:2      | Learned a level 2 spell: Passwall
  2179 | D:3      | Slain by an iguana

Vanquished Creatures
  2 adders (D:2)
  A worm (D:2)
  3 dart slugs
  3 ball pythons
  2 endoplasms (D:1)
  5 giant cockroaches
  7 hobgoblins
  6 quokkas
  2 bats
  2 frilled lizards
  4 goblins
  3 kobolds
  7 rats
47 creatures vanquished.

Vanquished Creatures (others)
  2 plants (D:2)
2 creatures vanquished.

Grand Total: 49 creatures vanquished

Table legend:
 A = Non-vault XP
 B = Vault XP
 C = Vault XP percentage of total XP
 D = Non-vault monster count
 E = Vault monster count
 F = Vault count percentage of total count
                 A         B        C        D         E       F
            +---------+---------+-------+---------+---------+-------
      Total |     113 |       0 |   0.0 |      47 |       0 |   0.0
            +---------+---------+-------+---------+---------+-------
        D:1 |      43 |       0 |   0.0 |      24 |       0 |   0.0
        D:2 |      62 |       0 |   0.0 |      19 |       0 |   0.0
        D:3 |       8 |       0 |   0.0 |       4 |       0 |   0.0
            +---------+---------+-------+---------+---------+-------

Illustrated notes

Table legend:
 A = Kills in this place as a percentage of kills in entire the game.
 B = Kills by you in this place as a percentage of kills by you in the entire game.
 C = Kills by friends in this place as a percentage of kills by friends in the entire game.
 D = Other kills in this place as a percentage of other kills in the entire game.
 E = Experience gained in this place as a percentage of experience gained in the entire game.
 F = Experience gained in this place divided by the number of levels of this place that you have seen.
                   A       B       C       D       E      F
               +-------+-------+-------+-------+-------+----------------------
         Total | 100.0 | 100.0 |   N/A |   N/A | 100.0 |  37.7
       Dungeon | 100.0 | 100.0 |   N/A |   N/A | 100.0 |  37.7
               +-------+-------+-------+-------+-------+----------------------

Table legend: (Time is in decaauts)
 A = Elapsed time spent in this place.
 B = Non-inter-level travel time spent in this place.
 C = Inter-level travel time spent in this place.
 D = Time resting spent in this place.
 E = Time spent auto-exploring this place.
 F = Levels seen in this place.
 G = Mean time per level.
                   A        B        C        D        E       F      G
               +--------+--------+--------+--------+--------+-----+--------+
         Total |   2217 |   2140 |     77 |    164 |   1612 |   3 |  739.0 |
       Dungeon |   2217 |   2140 |     77 |    164 |   1612 |   3 |  739.0 |
               +--------+--------+--------+--------+--------+-----+--------+

Top non-repeatable levels by time:
     D:2: 1117 daAuts
     D:1: 899 daAuts
     D:3: 200 daAuts
